 Dungeon Crawl Stone Soup version 0.22-a0-367-gb72a975 (webtiles) character file.

3486 khargal the Blocker (level 10, -2/60 HPs)
             Began as a Gargoyle Fighter on Apr 22, 2018.
             Slain by a death yak (16 damage)
             ... on level 7 of the Dungeon.
             The game lasted 00:17:15 (7427 turns).

khargal the Blocker (Gargoyle Fighter)              Turns: 7427, Time: 00:17:16

Health: -2/60      AC: 25    Str: 20    XL:     10   Next: 7%
Magic:  0/10       EV:  6    Int: 18    God:
Gold:   404        SH: 12    Dex: 10    Spells: 9/9 levels left

rFire    . . .     SeeInvis .   k - +2 whip
rCold    . . .     Gourm    .   c - +1 shield
rNeg     + + .     Faith    .   n - +2 chain mail
rPois    ∞         Spirit   +   (no helmet)
rElec    +         Reflect  .   (no cloak)
rCorr    .         Harm     .   o - +2 pair of gloves
MR       +....                  (no boots)
Stlth    ..........             j - amulet of guardian spirit
HPRegen  0.20/turn              s - ring of positive energy
MPRegen  0.12/turn              r - +4 ring of intelligence

@: brilliant
A: yellow scales 1, magic resistance 1, negative energy resistance 1, screaming
1, electricity resistance, weak 1, unbreathing, petrification resistance, rot
immunity, AC +7
a: no special abilities


You were on level 7 of the Dungeon.
You were not hungry.

You visited 2 branches of the dungeon, and saw 9 of its levels.

You collected 404 gold pieces.

Inventory:

Hand Weapons
 a - a +0 flail
 k - a +2 whip (weapon)
Armour
 c - a +1 shield (worn)
 n - a +2 chain mail (worn)
 o - a +2 pair of gloves (worn)
Jewellery
 j - an amulet of guardian spirit (around neck)
 q - an uncursed ring of protection from cold {unknown}
 r - a +4 ring of intelligence (right hand)
 s - a ring of positive energy (left hand)
Wands
 e - a wand of random effects (28)
 i - a wand of scattershot (5)
 u - a wand of digging (17)
Scrolls
 b - 4 scrolls of enchant armour
 h - 2 scrolls of remove curse
 l - 3 scrolls of teleportation
 m - 5 scrolls of identify
 t - a scroll of fog
 v - 2 scrolls of random uselessness {unknown}
Potions
 d - 2 potions of might
 w - a potion of curing
Comestibles
 f - 6 rations
 x - 2 chunks of flesh


   Skills:
 - Level 6.0 Fighting
 + Level 8.6 Maces & Flails
 + Level 6.9 Armour
 + Level 10.1 Shields


You had 9 spell levels left.
You didn't know any spells.

Dungeon Overview and Level Annotations

Branches:
Dungeon (8/15)             Temple (1/1) D:5
   Lair: D:8-11

Altars:
Ashenzari
Cheibriados
Dithmenos
Elyvilon
Fedhas
Gozag
Hepliaklqana
Kikubaaqudgha
Nemelex Xobeh
Okawaru
Qazlal
Ru
Sif Muna
Trog
Vehumet
Wu Jian
Zin


Innate Abilities, Weirdness & Mutations

You are resistant to torment.
Your stone body is resilient. (AC +7)
You are immune to poison.
You resist negative energy. (rN+)
You are resistant to electric shocks. (rElec)
You can survive without breathing.
You are immune to petrification.
You are immune to rotting.
You are partially covered in yellow scales. (AC +2)
You are resistant to hostile enchantments. (MR+)
You occasionally shout uncontrollably at your foes.
You are weak. (Str -2)


Message History

The death yak is heavily wounded.
The death yak snorts and paws the ground.
The death yak gores you!
You hit the death yak but do no damage.
The death yak is heavily wounded.
You hit the death yak.
The death yak is severely wounded.
The death yak gores you!
* * * LOW HITPOINT WARNING * * *
It was a potion of brilliance.
You feel clever all of a sudden. You block the death yak's attack.
You feel better.
The death yak gores you but does no damage.
You hit the death yak but do no damage.
The death yak is heavily wounded.
The death yak gores you!
* * * LOW HITPOINT WARNING * * *
You feel better. The death yak gores you!
You die...

....#.......#
............#
.....#.###### #####
.......########...#
####........<##...#
...##..#####.##...#
##..##..####..#...#
###............÷..#
.####.........#.@.#
.# #..##.....#.Y.#
.# ##........#...#
.# ####.....#...#
.# #.....##### .#
#.....# .# #.....#
## #.....# #######


You could see a death yak.

Vanquished Creatures
  The ghost of Nuz the Chopper, an amateur MiFi of Okawaru (D:4)
  Grinder (D:3)
  Prince Ribbit (D:6)
  A hippogriff (D:7)
  2 porcupines (D:7)
  2 ice beasts
  A sky beast (D:7)
  A necrophage (D:7)
  3 ogres
  2 centaurs (D:5)
  3 bullfrogs
  A gnoll sergeant (D:5)
  A scorpion (D:7)
  7 wights
  2 howler monkeys
  5 crimson imps
  A centaur zombie (D:6)
  3 hounds
  2 centaur skeletons
  5 orc wizards
  Ijyb (D:3)
  Terence (D:3)
  2 iguanas (D:5)
  Natasha (thrice) (D:3)
  6 worker ants
  8 gnolls
  9 adders
  3 worms
  A dart slug (D:1)
  4 leopard geckos
  15 orcs
  A ball python (D:3)
  8 giant cockroaches
  A goblin (D:2)
  4 hobgoblins
  2 jackals
  5 quokkas
  6 bats
  4 frilled lizards
  A jackal skeleton (D:5)
  8 kobolds
  8 rats
146 creatures vanquished.

Notes
Turn   | Place    | Note
-------+----------+-------------------------------------------
     0 | D:1      | khargal the Gargoyle Fighter began the quest for the Orb.
     0 | D:1      | Reached XP level 1. HP: 14/14 MP: 1/1
   192 | D:1      | Found a shattered altar of Ashenzari.
   195 | D:1      | Reached XP level 2. HP: 19/19 MP: 2/2
   602 | D:2      | Reached XP level 3. HP: 21/23 MP: 3/3
  1106 | D:2      | Reached XP level 4. HP: 29/29 MP: 4/4
  1118 | D:2      | Reached skill level 4 in Shields
  1851 | D:3      | Gained mutation: Armour fits poorly on your strangely shaped body. [potion of mutation]
  1851 | D:3      | Gained mutation: You are robust. (+10% HP) [potion of mutation]
  1851 | D:3      | Gained mutation: You passively map a small area around you. [potion of mutation]
  1852 | D:3      | Lost mutation: Armour fits poorly on your strangely shaped body. [potion of mutation]
  1852 | D:3      | Lost mutation: You are robust. (+10% HP) [potion of mutation]
  1852 | D:3      | Lost mutation: You passively map a small area around you. [potion of mutation]
  1852 | D:3      | Gained mutation: You occasionally shout uncontrollably at your foes. [potion of mutation]
  1852 | D:3      | Gained mutation: You are partially covered in yellow scales. (AC +2) [potion of mutation]
  1852 | D:3      | Gained mutation: You are weak. (Str -2) [potion of mutation]
  1852 | D:3      | Gained mutation: You are resistant to hostile enchantments. (MR+) [potion of mutation]
  1980 | D:3      | Noticed Ijyb
  2081 | D:3      | Killed Ijyb
  2081 | D:3      | Reached XP level 5. HP: 29/33 MP: 5/5
  2195 | D:3      | Noticed Terence
  2232 | D:3      | Killed Terence
  2323 | D:3      | Noticed Natasha
  2338 | D:3      | Killed Natasha
  2364 | D:3      | Noticed Grinder
  2408 | D:3      | Killed Grinder
  2408 | D:3      | Reached skill level 5 in Shields
  2408 | D:3      | Reached XP level 6. HP: 33/38 MP: 6/6
  2473 | D:3      | Noticed Natasha
  2477 | D:3      | Killed Natasha
  2495 | D:3      | Noticed Natasha
  2516 | D:3      | Killed Natasha
  2516 | D:3      | Reached XP level 7. HP: 43/43 MP: 7/7
  2734 | D:4      | Reached skill level 6 in Shields
  2765 | D:4      | Noticed Nuz's ghost (amateur MiFi)
  3564 | D:4      | Found a bloodstained altar of Trog.
  4011 | D:4      | Killed Nuz's ghost
  4011 | D:4      | Reached skill level 5 in Maces & Flails
  4011 | D:4      | Reached skill level 5 in Armour
  4108 | D:4      | Found a white marble altar of Elyvilon.
  4119 | D:4      | Found an iron altar of Okawaru.
  4121 | D:4      | Found a glowing silver altar of Zin.
  4131 | D:4      | Found a shadowy altar of Dithmenos.
  4247 | D:5      | Entered Level 5 of the Dungeon
  4315 | D:5      | Reached XP level 8. HP: 37/48 MP: 8/8
  4341 | D:5      | Reached skill level 7 in Shields
  4895 | D:5      | Found a staircase to the Ecumenical Temple.
  4925 | D:5      | Reached skill level 5 in Fighting
  4925 | D:5      | Reached skill level 8 in Shields
  5181 | Temple   | Entered the Ecumenical Temple
  5505 | D:5      | Reached XP level 9. HP: 53/54 MP: 9/9
  5669 | D:6      | Noticed Prince Ribbit
  5718 | D:6      | Killed Prince Ribbit
  5718 | D:6      | Reached skill level 9 in Shields
  7031 | D:7      | Reached skill level 10 in Shields
  7249 | D:8      | Reached XP level 10. HP: 60/60 MP: 10/10
  7256 | D:8      | Noticed a death yak
  7261 | D:8      | Noticed a death yak
  7427 | D:7      | Slain by a death yak

Vault maps used:
D:1:      matt_arrival_diagonals, ashenzari_altar_1
D:2:      item_on_display_a
D:3:      minivault_24, uniq_ijyb, uniq_natasha, uniq_grinder, uniq_terence
D:4:      nicolae_overflow_crystal_walls, grunt_temple_overflow_cloverleaf,
          first_ration
D:5:      minmay_temple_entry_junction, grunt_decor_one_mirror,
          dk_rats_in_the_wall
D:6:      minmay_misc_feat_cross, uniq_prince_ribbit1
D:8:      grunt_temple_overflow_holy_war, eat_drink_and_be_merry_uskayaw,
          dpeg_lair_monsters
Temple:   nicolae_temple_hex_pool

Skill      XL: |  1  2  3  4  5  6  7  8  9 |
---------------+----------------------------+-----
Shields        | 4 5 6 8 10 | 10.1
Maces & Flails | 3 4 5 6 8 |  8.6
Armour         | 4 5 6 |  6.9
Fighting       | 4 5 6 |  6.0

Action                   |  1- 3 |  4- 6 |  7- 9 | 10-12 || total
-------------------------+-------+-------+-------+-------++-------
Melee: Flail             |    59 |       |       |       ||    59
       Whip              |    57 |   328 |  1002 |    65 ||  1452
  Use: Scroll            |     2 |       |    13 |       ||    15
       Potion            |       |     5 |     3 |     4 ||    12
  Eat: Chunk             |     1 |     5 |     2 |       ||     8
       Ration            |       |       |     5 |       ||     5
Armor: Scale mail        |    71 |   117 |       |       ||   188
       Chain mail        |       |   105 |   586 |    26 ||   717
       Skin              |       |       |    17 |       ||    17
Dodge: Dodged            |    44 |    84 |   231 |     7 ||   366
Block: Shield            |    82 |   198 |   634 |    29 ||   943

Table legend:
 A = Spawn XP
 B = Non-spawn XP
 C = Spawn XP percentage of total XP
 D = Spawn monster count
 E = Non-spawn monster count
 F = Spawn count percentage of total count
 G = Total turns spent on level
                    A         B        C        D         E        F      G
               +---------+---------+-------+---------+---------+-------+---------
         Total |       0 |    4980 |   0.0 |       0 |     146 |   0.0 |  7427
               +---------+---------+-------+---------+---------+-------+---------
           D:1 |       0 |      25 |   0.0 |       0 |      17 |   0.0 |   591
           D:2 |       0 |      69 |   0.0 |       0 |      16 |   0.0 |  1198
           D:3 |       0 |     544 |   0.0 |       0 |      24 |   0.0 |  1648
           D:4 |       0 |     494 |   0.0 |       0 |      10 |   0.0 |   810
           D:5 |       0 |    1334 |   0.0 |       0 |      39 |   0.0 |  1317
           D:6 |       0 |     880 |   0.0 |       0 |      20 |   0.0 |   814
           D:7 |       0 |    1547 |   0.0 |       0 |      18 |   0.0 |   895
           D:8 |       0 |      87 |   0.0 |       0 |       2 |   0.0 |    50
               +---------+---------+-------+---------+---------+-------+---------
